 Dungeon Crawl Stone Soup version 0.25-a0-834-g55863b0b92 (webtiles) character file.

Game seed: 16067323821415588733, levelgen mode: deterministic

1409288 Flugkiller the Ruinous (level 27, 180/183 HPs)
             Began as a Mummy Air Elementalist on Apr 22, 2020.
             Was a Follower of Uskayaw.
             Escaped with the Orb
             ... and 3 runes on Apr 23, 2020!
             The game lasted 03:47:33 (107991 turns).

Flugkiller the Ruinous (Mummy Air Elementalist)   Turns: 107991, Time: 03:47:34

Health: 180/183    AC: 16    Str: 16    XL:     27
Magic:  15/48      EV: 17    Int: 25    God:    Uskayaw [*.....]
Gold:   3781       SH:  6    Dex: 13    Spells: 6/69 levels left

rFire    + + +     SeeInvis +   b - staff of fire
rCold    + . .     Gourm    .   l - +1 buckler "Vasojuq" {rF+ rC+}
rNeg     + + +     Faith    .   Q - +2 robe {rC+}
rPois    ∞         Spirit   .   L - +2 helmet
rElec    .         Reflect  .   t - +2 cloak of the Thief {+Fog Slay-2 SInv Stlth+}
rCorr    .         Harm     .   m - +2 pair of gloves {Str+3}
MR       +++..                  M - +2 pair of boots
Stlth    +.........             z - macabre finger necklace {rN+}
HPRegen  0.40/turn              h - ring of fire
MPRegen  0.31/turn              o - ring of fire
                                j - ring of wizardry

@: very slightly contaminated
A: no food or potions, fire vulnerability, cold resistance 1, negative energy
resistance 3, torment resistance, unbreathing, in touch with death 2
0: Orb of Zot
}: 3/15 runes: decaying, serpentine, slimy
a: Stomp, Renounce Religion, Evoke Fog


You escaped.
You worshipped Uskayaw.
Uskayaw was aware of your devotion.
You were not hungry.

You visited 13 branches of the dungeon, and saw 57 of its levels.
You visited 1 bazaar.
You also visited: Ossuary and Ice Cave.

You collected 10022 gold pieces.
You spent 6241 gold pieces at shops.

Inventory:

Hand Weapons
 n - the +12 Vampire's Tooth {vamp}
   (You found it on level 1 of the Depths)

   It inflicts no extra harm, but heals its wielder when it wounds a living foe.
Missiles
 e - a throwing net (quivered)
Armour
 l - the +1 buckler "Vasojuq" (worn) {rF+ rC+}
   (You found it on level 2 of the Elven Halls)

   It protects you from fire.
   It protects you from cold.
 m - a +2 pair of gloves of strength (worn)
   (You acquired it on level 1 of the Tomb of the Ancients)
 s - a +2 robe of magic resistance
   (You took it off a naga on level 4 of the Snake Pit)
 t - the +2 cloak of the Thief (worn) {+Fog Slay-2 SInv Stlth+}
   (You found it on level 1 of the Crypt)

   It affects your accuracy and damage with ranged weapons and melee attacks
   (-2).
   It lets you see invisible.
   It makes you more stealthy.
 L - a +2 helmet (worn)
   (You found it on level 3 of the Lair of Beasts)
 M - a +2 pair of boots (worn)
   (You found it on level 3 of the Lair of Beasts)
 Q - a +2 robe of cold resistance (worn)
   (You took it off Mara on level 4 of the Swamp)
 U - a +2 robe of fire resistance
   (You took it off a wizard on level 13 of the Dungeon)
Magical Staves
 a - an uncursed staff of conjuration
   (You found it on level 7 of the Dungeon)
 b - an uncursed staff of fire (weapon)
   (You found it on level 1 of the Depths)
Jewellery
 h - a ring of fire (left hand)
   (You bought it in a shop on level 2 of the Orcish Mines)
 j - a ring of wizardry (on amulet)
   (You found it on level 1 of the Dungeon)
 k - an uncursed ring of magical power
   (You found it on level 2 of the Dungeon)
 o - a ring of fire (right hand)
   (You took it off a deep elf sorcerer on level 3 of the Elven Halls)
 q - an uncursed amulet of harm
   (You found it in an ossuary)
 y - an uncursed ring of flight
   (You found it on level 1 of the Lair of Beasts)
 z - the macabre finger necklace (around neck) {rN+}
   (You found it on level 2 of the Depths)

   [amulet of nothing]

   It protects you from negative energy.
 D - the amulet of Yggoowud {RegenMP rElec rPois Str-5 SInv}
   (You took it off a mummy priest on level 1 of the Elven Halls)

   [amulet of magic regeneration]

   It increases your magic regeneration.
   It affects your strength (-5).
   It insulates you from electricity.
   It protects you from poison.
   It lets you see invisible.
 E - an uncursed ring of protection from fire
   (You found it on level 1 of the Swamp)
 O - an uncursed ring of see invisible
   (You took it off a spriggan berserker on level 5 of the Depths)
 V - an uncursed ring of protection from magic
   (You found it on level 13 of the Dungeon)
Wands
 g - a wand of clouds (2)
   (You found it on level 3 of the Snake Pit)
 v - a wand of acid (12)
   (You found it on level 2 of the Depths)
 B - a wand of digging (19)
   (You found it on level 7 of the Dungeon)
 G - a wand of flame (171)
   (You found it on level 10 of the Dungeon)
 J - a wand of polymorph (43)
   (You found it on level 2 of the Lair of Beasts)
 K - a wand of paralysis (53)
   (You found it on level 3 of the Lair of Beasts)
 P - a wand of scattershot (6)
   (You found it on level 2 of the Snake Pit)
 S - a wand of disintegration (13)
   (You found it on level 12 of the Dungeon)
 T - a wand of enslavement (27)
   (You found it on level 13 of the Dungeon)
 W - a wand of iceblast (9)
   (You found it on level 3 of the Realm of Zot)
Scrolls
 c - 6 scrolls of immolation
 d - 19 scrolls of teleportation
 f - 11 scrolls of amnesia
 i - 6 scrolls of identify
 p - 8 scrolls of fog
 r - 2 scrolls of blinking
 u - 30 scrolls of remove curse
 x - 7 scrolls of enchant armour
 A - a scroll of silence
 F - 2 scrolls of torment
 H - 3 scrolls of summoning
 I - 4 scrolls of magic mapping
 N - 2 scrolls of fear
 R - 4 scrolls of vulnerability
 X - a scroll of acquirement
Miscellaneous
 w - 5 phantom mirrors
 C - a phial of floods
   (You found it on level 9 of the Dungeon)


   Skills:
 - Level 8.0 Fighting
 - Level 3.4 Armour
 - Level 9.0 Dodging
 - Level 1.5 Stealth
 - Level 4.0 Shields
 + Level 21.7 Spellcasting
 * Level 23.1 Conjurations
 - Level 4.0 Summonings
 * Level 22.6 Fire Magic
 - Level 12.5 Air Magic
 - Level 9.0 Invocations
 - Level 4.0 Evocations


You had 6 spell levels left.
You knew the following spells:

 Your Spells              Type           Power        Failure   Level  Hunger
a - Shock                 Conj/Air       ####         0%          1    N/A
b - Swiftness             Chrm/Air       ######..     1%          2    N/A
c - Irradiate             Conj/Tmut      ######....   1%          5    N/A
d - Airstrike             Air            ######....   1%          4    N/A
e - Lightning Bolt        Conj/Air       #######...   1%          5    N/A
f - Summon Lightning Spi  Summ/Air       ######..     1%          4    N/A
g - Fireball              Conj/Fire      #########.   0%          5    N/A
h - Starburst             Conj/Fire      #########.   0%          6    N/A
i - Orb of Destruction    Conj           #######...   1%          7    N/A
j - Ignition              Fire           #########.   1%          8    N/A
k - Fire Storm            Conj/Fire      #########.   5%          9    N/A
l - Iron Shot             Conj/Erth      ######....   1%          6    N/A
m - Summon Butterflies    Summ           #####...     1%          1    N/A

Your spell library contained the following spells:

 Spells                   Type           Power        Failure   Level  Hunger
 Foxfire                  Conj/Fire      ####         0%          1    N/A
 Conjure Flame            Conj/Fire      ########     0%          3    N/A
 Static Discharge         Conj/Air       #######.     0%          3    N/A
 Animate Skeleton         Necr           N/A          1%          1    N/A
 Infusion                 Chrm           ####         1%          1    N/A
 Pain                     Necr           ####         1%          1    N/A
 Sandblast                Erth           ####..       1%          1    N/A
 Summon Small Mammal      Summ           ####         1%          1    N/A
 Call Imp                 Summ           #####...     1%          2    N/A
 Corpse Rot               Necr/Air       N/A          1%          2    N/A
 Passwall                 Tmut/Erth      ####....     1%          2    N/A
 Poisonous Vapours        Pois/Air       ######       1%          2    N/A
 Shroud of Golubria       Chrm/Tloc      ####..       1%          2    N/A
 Song of Slaying          Chrm           ####....     1%          2    N/A
 Sticks to Snakes         Tmut           ####....     1%          2    N/A
 Call Canine Familiar     Summ           #####...     1%          3    N/A
 Dazzling Flash           Conj/Hex       ######       1%          3    N/A
 Gell's Gravitas          Tloc           ####......   1%          3    N/A
 Ignite Poison            Fire/Tmut/Pois ########     1%          3    N/A
 Mephitic Cloud           Conj/Pois/Air  ######..     1%          3    N/A
 Ozocubu's Armour         Chrm/Ice       ####....     1%          3    N/A
 Recall                   Summ/Tloc      N/A          1%          3    N/A
 Spectral Weapon          Hex/Chrm       ####....     1%          3    N/A
 Stone Arrow              Conj/Erth      ######       1%          3    N/A
 Summon Guardian Golem    Hex/Summ       #####...     1%          3    N/A
 Vampiric Draining        Necr           ######....   1%          3    N/A
 Fulminant Prism          Conj/Hex       ######....   1%          4    N/A
 Bolt of Magma            Conj/Fire/Erth ########..   1%          5    N/A
 Iskenderun's Battlesphe  Conj/Chrm      ######..     1%          5    N/A
 Silence                  Hex/Air        ######....   1%          5    N/A
 Freezing Cloud           Conj/Ice/Air   ######....   1%          6    N/A
 Summon Ice Beast         Ice/Summ       #####...     2%          4    N/A
 Animate Dead             Necr           N/A          6%          4    N/A
 Cause Fear               Hex            ####......   6%          4    N/A
 Dispel Undead            Necr           ######..     6%          4    N/A
 Leda's Liquefaction      Hex/Erth       ####......   6%          4    N/A
 Petrify                  Tmut/Erth      ####....     6%          4    N/A
 Summon Mana Viper        Hex/Summ       #####...     8%          5    N/A
 Agony                    Necr           ######..     16%         5    N/A
 Alistair's Intoxication  Tmut/Pois      ####....     16%         5    N/A
 Borgnjor's Vile Clutch   Necr/Erth      ######....   16%         5    N/A
 Lee's Rapid Deconstruct  Erth           ####......   16%         5    N/A
 Metabolic Englaciation   Hex/Ice        ####......   16%         5    N/A
 Yara's Violent Unravell  Hex/Tmut       ####......   16%         5    N/A
 Shadow Creatures         Summ           N/A          17%         6    N/A
 Death Channel            Necr           ######....   63%         6    N/A
 Ozocubu's Refrigeration  Ice            ####......   63%         6    N/A
 Simulacrum               Ice/Necr       ######....   63%         6    N/A
 Spellforged Servitor     Conj/Summ      #######...   1%          7    N/A
 Chain Lightning          Conj/Air       #######...   2%          8    N/A
 Ring of Flames           Chrm/Fire      ########..   4%          7    N/A
 Lehudib's Crystal Spear  Conj/Erth      ######....   32%         8    N/A
 Summon Hydra             Summ           #####.....   65%         7    N/A
 Tornado                  Air            ######....   96%         9    N/A
 Discord                  Hex            ####......   100%        8    N/A
 Infestation              Necr           ######....   100%        8    N/A
 Absolute Zero            Ice            ####......   100%        9    N/A
 Dragon's Call            Summ           #####.....   100%        9    N/A
 Shatter                  Erth           ####......   100%        9    N/A
 Beastly Appendage        Tmut           Unusable     N/A         1    N/A
 Spider Form              Tmut/Pois      Unusable     N/A         3    N/A
 Ice Form                 Ice/Tmut       Unusable     N/A         4    N/A
 Blade Hands              Tmut           Unusable     N/A         5    N/A
 Hydra Form               Tmut           Unusable     N/A         6    N/A
 Statue Form              Tmut/Erth      Unusable     N/A         6    N/A
 Dragon Form              Tmut           Unusable     N/A         7    N/A

Dungeon Overview and Level Annotations

Branches:
Dungeon (15/15)            Temple (1/1) D:6            Lair (6/6) D:8
  Swamp (4/4) Lair:4        Snake (4/4) Lair:3        Slime (5/5) Lair:6
    Orc (2/2) D:10            Elf (3/3) Orc:2        Vaults (3/5) D:13
  Crypt (3/3) Vaults:2       Tomb (1/3) Crypt:3      Depths (5/5) D:15
    Zot (5/5) Depths:5    Ossuary (visited)           IceCv (visited)

Altars:
Ashenzari
Dithmenos
Fedhas
Hepliaklqana
Kikubaaqudgha
Okawaru
Qazlal
Ru
Sif Muna
Uskayaw
Wu Jian
Xom
Yredelemnul
Zin
The Shining One
Beogh
Jiyva

Shops:
D:13 }   D:14 [   Orc:2 ((%:*   Elf:1 *}*:   Snake:1 (   Vaults:2 [

Portals:
Hell: Depths:1 Depths:2 Depths:3 Depths:4 Depths:5
Abyss: Depths:2 Depths:3 Depths:4
Pandemonium: Depths:3 Depths:5
Ziggurat: Depths:4

Annotations:
D:13 2 runed translucent doors, Zedghesyr's ghost, journeyman DrCj
D:14 3 runed translucent doors, Ringe's ghost, journeyman VSBe
D:15 1 runed translucent door, Lymofoloam's ghost, journeyman DDFi
Lair:6 1 runed translucent door
Swamp:1 3 runed translucent doors, Pyxoaj's ghost, journeyman GrBe
Elf:2 5 runed translucent doors
Vaults:1 36 runed doors
Vaults:3 Mennas


Innate Abilities, Weirdness & Mutations

You do not eat or drink.
Your flesh is vulnerable to fire.
You are immune to poison.
Your flesh is cold resistant. (rC+)
You are immune to negative energy. (rN+++)
You are immune to unholy pain and torment.
You can survive without breathing.
You are strongly in touch with the powers of death.


Message History

Things that are here:
a +0 club; a +0 dagger You see here a +0 whip.
There is an open door here.
There is a stone staircase leading up here.
You see here a scroll of noise.
You climb upwards.
A hellephant comes into view.
There is a stone staircase leading down here.
Unknown command.
Unknown command.
Press: ? - help, v - describe, . - travel
Here: a hellephant The floor.
Casting: Fire Storm (dangerous; 5% risk of failure)
Confirm with . or Enter, or press ? or * to list all spells.
You feel a huge surge of power!
The bolt of fire hits the hellephant!!!!
The hellephant is heavily wounded.
Casting: Starburst (safe; 0% risk of failure)
Confirm with . or Enter, or press ? or * to list all spells.
You feel a huge surge of power!
The bolt of fire hits the hellephant!!!
The hellephant is severely wounded.
The hellephant blinks!
You can now pass through a line of other dancers.
Unknown command.
Casting: Starburst (safe; 0% risk of failure)
Confirm with . or Enter, or press ? or * to list all spells.
You feel a huge surge of power!
The bolt of fire hits the hellephant!!!!
You kill the hellephant!
Unknown command.
Unknown command.
You see here the felid skeleton of Natasha.
You can no longer pass through a line of other dancers.
Natasha, Servant of Life and Death comes into view.
Unknown command.
Natasha hisses angrily.
Natasha stares at you and mumbles some strange words.
The magic dart hits you but does no damage.
Natasha closely misses you.
Natasha stares at you and mumbles some strange words.
The magic dart hits you.
There is a staircase leading out of the dungeon here.
Casting: Starburst (safe; 0% risk of failure)
Confirm with . or Enter, or press ? or * to list all spells.
You feel a huge surge of power!
The bolt of fire hits Natasha!!!
You kill Natasha!
Enter note: gg You have escaped!

#...............###.#
#.......>.......#....
#.......####.##.#####
#.......# #.##.≈≈≈≈≈
#####..## #.##.#####
##.## #.##.#.... #..#
#.##.###.#
####.####.##...#.#
#@........#....#.#
#.................
##........####..##
####.###.......##
#...............#
#...............##
#.................
#.................
#.................


There were no monsters in sight!

Vanquished Creatures
  the Royal Jelly (Slime:5)
  2 orbs of fire (Zot:5)
  Mara (Swamp:4)
  2 ancient liches (Zot:5)
  A greater mummy (Tomb:1)
  Sojobo (Crypt:1)
  3 pandemonium lords
  Vashnia (Snake:2)
  7 Killer Klowns (Zot:5)
  Bai Suzhen (Depths:3)
  A caustic shrike (Depths:3)
  Margery (Vaults:2)
  2 curse toes
  Nikola (Swamp:3)
  5 golden dragons
  4 bone dragons
  4 electric golems
  A Tzitzimitl (D:4)
  A hellephant (D:1)
  7 tentacled monstrosities
  Jorgrun (Swamp:2)
  27 Orb Guardians
  7 liches
  3 quicksilver dragons
  2 deep elf blademasters (Elf:3)
  2 deep elf master archers (Elf:3)
  16 acid blobs
  3 death cobs
  7 sphinxes
  5 ancient champions
  Donald (Vaults:2)
  8 tengu reavers
  4 shadow dragons
  8 storm dragons
  3 thorn hunters (Swamp:4)
  3 revenants
  Roxanne (Snake:4)
  6 nagarajas
  2 draconian monks
  Aizul (Snake:2)
  4 fire giants
  12 frost giants
  5 iron dragons
  5 deep elf sorcerers
  10 azure jellies
  2 draconian knights
  6 vault wardens
  A ghost moth (Zot:5)
  A draconian scorcher (Depths:5)
  Louise (Swamp:4)
  A balrug (Depths:1)
  A curse skull (Crypt:3)
  3 deep elf elementalists (Elf:3)
  11 ghouls
  3 draconian shifters
  2 spriggan defenders (Depths:3)
  5 draconian annihilators
  A draconian stormcaller (Zot:4)
  5 ironheart preservers
  20 very ugly things
  A bennu (Tomb:1)
  10 stone giants
  Nessos (D:13)
  17 vampire knights
  2 green draconians (Depths:5)
  4 black draconians
  7 purple draconians
  A white draconian (Zot:3)
  9 deep elf annihilators
  3 deep elf demonologists (Elf:3)
  5 yellow draconians
  A red draconian (Zot:4)
  11 spark wasps
  10 ettins
  6 eidola
  8 deep elf death magi
  12 mummy priests
  9 death oozes
  7 yaktaur captains
  9 fire dragons
  7 great orbs of eyes
  2 jiangshi (Crypt:1)
  6 ogre magi
  2 deep elf high priests (Elf:3)
  12 naga warriors
  Josephine (Lair:6)
  5 spriggan air magi (Depths:3)
  25 hydras
  A vault guard (Vaults:2)
  7 ice dragons
  2 rakshasas
  4 shambling mangroves
  An anaconda (shapeshifter) (Depths:3)
  A ghost crab (Swamp:3)
  14 alligators
  A catoblepas (Lair:6)
  21 two-headed ogres
  9 centaur warriors
  9 deep troll earth magi
  7 death yaks (Lair:6)
  14 dancing weapons
  7 anacondas
  10 vampire magi
  44 death scarabs (Tomb:1)
  7 tengu warriors
  6 death knights
  4 spriggan berserkers
  7 deep troll shamans
  7 orc high priests
  11 shock serpents
  Urug (D:13)
  21 naga sharpshooters
  3 sun demons
  19 hell knights
  18 deep elf knights
  A titan skeleton (Crypt:3)
  3 salamander mystics
  7 iron trolls
  4 sixfirhies
  27 skeletal warriors
  3 soul eaters (Crypt:2)
  2 storm dragon skeletons
  An unseen horror (shapeshifter) (Vaults:2)
  2 golden dragon zombies (Crypt:3)
  A death drake (Swamp:3)
  3 unseen horrors
  A spriggan druid (Swamp:4)
  3 wizards
  21 deep trolls
  4 spectral hydras (Swamp:3)
  10 flayed ghosts
  3 glowing orange brains
  A shadow demon (D:6)
  A shadow dragon zombie (D:15)
  11 harpies
  An anaconda zombie (Crypt:2)
  8 necromancers
  9 orc knights
  An ironbrand convoker (Vaults:2)
  13 deep elf archers
  8 naga ritualists
  3 oklob plants (Lair:2)
  2 lindwurms (Lair:6)
  10 swamp dragons
  A fire giant zombie (Depths:1)
  6 mana vipers
  A wolf spider (Vaults:1)
  7 cyclopes
  60 deep elf magi
  18 phantasmal warriors
  7 orc sorcerers
  A shining eye (shapeshifter) (Depths:2)
  5 manticores
  An iron dragon zombie (Crypt:3)
  A frost giant zombie (Crypt:3)
  8 salamanders
  A shadow dragon skeleton (Crypt:3)
  6 elephants
  26 ugly things
  6 shining eyes
  A fire giant skeleton (Depths:3)
  19 moths of wrath
  5 vault sentinels
  38 black mambas
  5 eyes of devastation
  An ice statue (IceCv)
  A guardian serpent (Snake:2)
  2 stone giant skeletons (Depths:1)
  A rust devil (Depths:5)
  4 gargoyles
  21 naga magi
  A smoke demon (Depths:5)
  2 orange demons (D:10)
  6 torpor snails (Lair:6)
  An elf zombie (D:15)
  An alligator snapping turtle zombie (Crypt:2)
  13 spiny frogs
  A sea snake zombie (Crypt:1)
  5 spectral swamp worms (Depths:5)
  3 kobold demonologists
  An elephant slug zombie (Crypt:3)
  A shock serpent skeleton (Crypt:3)
  51 yaktaurs
  A white draconian zombie (Crypt:1)
  5 komodo dragons
  6 swamp worm zombies (Swamp:3)
  2 rime drakes
  14 guardian mummies
  A demonic crawler (D:15)
  A yaktaur skeleton (Depths:1)
  7 freezing wraiths
  A golden dragon simulacrum (Depths:3)
  2 hellwings
  12 polar bears
  A tengu conjurer (Depths:3)
  2 purple draconian skeletons
  7 trolls
  A hydra zombie (Crypt:1)
  A sea snake skeleton (Crypt:2)
  A wind drake (shapeshifter) (Vaults:2)
  An iron troll skeleton (Crypt:2)
  9 tyrant leeches
  A jumping spider (shapeshifter) (Vaults:1)
  A polar bear (shapeshifter) (Depths:2)
  A blink frog (shapeshifter) (Depths:1)
  A catoblepas skeleton (Tomb:1)
  8 blink frogs
  115 slime creatures
  23 hornets
  A moth of wrath zombie (Crypt:3)
  16 bog bodies
  2 deep troll zombies
  9 hippogriffs
  2 spectral swamp dragons (Swamp:3)
  15 dream sheep
  An ice dragon zombie (D:15)
  An ettin skeleton (Crypt:3)
  2 alligator zombies (Swamp:3)
  2 air elementals
  8 flying skulls
  7 shadows
  7 water elementals
  2 vampires (Crypt:2)
  8 spriggans
  A wyvern (Lair:3)
  A ynoxinul (D:15)
  2 ushabtiu (Tomb:1)
  49 yaks
  20 wraiths
  4 fire elementals
  Grum (D:8)
  3 basilisks
  A steam dragon (D:11)
  A tyrant leech zombie (Swamp:3)
  2 hungry ghosts
  A neqoxec (D:4)
  Eustachio (D:4)
  3 golden eyes (Slime:2)
  31 vampire mosquitoes
  4 wargs
  2 acid dragons
  41 nagas
  19 swamp worms
  7 spiny frog zombies (Swamp:3)
  Duvessa (D:4)
  4 insubstantial wisps
  A monstrous demonspawn skeleton (Crypt:3)
  11 water moccasins
  15 porcupines
  A torturous demonspawn skeleton (Crypt:2)
  2 floating eyes
  10 sky beasts
  A floating eye (shapeshifter) (D:12)
  A spiny frog skeleton (Crypt:3)
  4 ice beasts
  4 phantoms
  A dream sheep zombie (Crypt:1)
  5 eyes of draining
  16 swamp drakes
  A hornet zombie (D:15)
  38 orc warriors
  2 black bears
  8 necrophages
  11 centaurs
  30 wolves
  3 boggarts
  29 ogres
  A torpor snail zombie (Crypt:1)
  15 crocodiles
  4 big kobolds
  A gnoll sergeant (D:8)
  A wyvern zombie (Crypt:3)
  19 bullfrogs
  5 earth elementals
  7 scorpions
  A wyvern skeleton (D:11)
  Dowan (D:4)
  8 killer bees
  A troll zombie (Swamp:3)
  4 spriggan zombies
  10 wights
  5 howler monkeys
  A nameless horror (D:14)
  A polar bear skeleton (Crypt:3)
  4 bullfrog zombies
  10 crimson imps
  A lava snake (Snake:3)
  17 orc priests
  19 jellies
  5 centaur skeletons
  A basilisk skeleton (Crypt:2)
  4 centaur zombies
  4 hounds
  A jelly (shapeshifter) (Depths:2)
  27 orc wizards
  6 bullfrog skeletons
  A gnoll shaman (D:7)
  Jessica (D:2)
  7 iguanas
  Terence (D:2)
  A human skeleton (Crypt:2)
  A porcupine zombie (Crypt:1)
  Natasha (twice) (D:1)
  15 worker ants
  2 killer bee zombies
  A naga zombie (Crypt:3)
  An acid dragon skeleton (Crypt:3)
  A deep dwarf skeleton (Crypt:2)
  A tengu skeleton (Crypt:3)
  2 hound zombies
  2 hound skeletons
  34 mummies
  A howler monkey zombie (Ossuary)
  3 worker ant zombies
  18 gnolls
  3 howler monkey skeletons
  7 adders
  A shadow imp (D:15)
  10 oozes
  A worm zombie (D:4)
  An adder zombie (Ossuary)
  An adder skeleton (D:7)
  6 worms
  2 dart slugs
  4 leopard geckos
  94 orcs
  2 ball pythons (D:2)
  8 giant cockroaches
  10 goblins
  12 hobgoblins
  12 jackals
  8 quokkas
  12 bats
  3 frilled lizards
  A giant cockroach zombie (Ossuary)
  17 kobolds
  2 leopard gecko zombies (Ossuary)
  An orc skeleton (Crypt:2)
  An orc zombie (Crypt:3)
  9 rats
  5 briar patches (Swamp:4)
  3 fungi (Lair:5)
  A withered plant (Swamp:3)
2425 creatures vanquished.

Vanquished Creatures (collateral kills)
  An ancient lich (Zot:5)
  2 Killer Klowns (Zot:5)
  A golden dragon (Zot:5)
  3 Orb Guardians (Zot:5)
  2 sphinxes (Tomb:1)
  An angel (D:10)
  A cacodemon (D:10)
  A bennu (Tomb:1)
  A yellow draconian (Zot:4)
  3 purple draconians (Zot:5)
  2 red draconians (Zot:5)
  A catoblepas (Lair:1)
  2 swamp dragons (Swamp:4)
  2 orc sorcerers
  2 orc knights (Orc:2)
  2 moths of wrath (Zot:5)
  2 elephants (Lair:1)
  Joseph (Lair:1)
  A komodo dragon (Lair:1)
  A water moccasin (Lair:1)
  A swamp drake (Swamp:4)
  6 orc wizards
  3 orc priests
  2 orcs (Orc:1)
44 creatures vanquished.

Vanquished Creatures (others)
  An eldritch tentacle (D:15)
  A green draconian (Zot:5)
  A red draconian (Zot:5)
  A bog body (Swamp:2)
  An alligator zombie (Swamp:3)
  3 bushes (D:8)
  78 fire vortices
  28 fungi
  49 plants
  2 withered plants
165 creatures vanquished.

Grand Total: 2634 creatures vanquished

Notes
Turn   | Place    | Note
-------+----------+-------------------------------------------
     0 | D:1      | Flugkiller the Mummy Air Elementalist began the quest for
                  | the Orb.
     0 | D:1      | Reached XP level 1. HP: 13/13 MP: 4/4
   128 | D:1      | Reached XP level 2. HP: 19/19 MP: 0/6
   918 | D:1      | Learned a level 2 spell: Swiftness
   927 | D:2      | Found a sacrificial altar of Ru.
   981 | D:2      | Noticed Jessica
   988 | D:2      | Killed Jessica
   988 | D:2      | Reached XP level 3. HP: 24/24 MP: 3/7
  1060 | D:2      | Noticed Natasha
  1069 | D:1      | Killed Natasha
  1069 | D:1      | Reached XP level 4. HP: 29/30 MP: 4/8
  1201 | D:2      | Learned a level 3 spell: Static Discharge
  1269 | D:2      | Found a blossoming altar of Fedhas.
  1847 | D:3      | Noticed Terence
  1868 | D:2      | Killed Terence
  1918 | D:3      | Reached XP level 5. HP: 35/35 MP: 9/9
  1946 | D:3      | Learned a level 4 spell: Airstrike
  2606 | D:3      | Reached skill level 5 in Air Magic
  2715 | D:3      | Reached XP level 6. HP: 41/41 MP: 12/12
  3149 | D:4      | Found a shattered altar of Ashenzari.
  3371 | D:4      | Found a sand-covered staircase.
  3387 | Ossuary  | Entered an ossuary
  3446 | Ossuary  | Reached skill level 5 in Spellcasting
  3723 | Ossuary  | Reached XP level 7. HP: 46/46 MP: 3/14
  4284 | D:4      | Noticed Eustachio
  4299 | D:4      | Killed Eustachio
  4299 | D:4      | Reached skill level 1 in Conjurations
  4588 | D:4      | Reached skill level 2 in Conjurations
  4708 | D:4      | Reached XP level 8. HP: 52/52 MP: 15/15
  5102 | D:4      | Noticed Dowan
  5103 | D:4      | Noticed Duvessa
  5107 | D:4      | Killed Dowan
  5109 | D:4      | Killed Duvessa
  5109 | D:4      | Reached skill level 3 in Conjurations
  5559 | D:5      | Entered Level 5 of the Dungeon
  5566 | D:5      | Learned a level 5 spell: Lightning Bolt
  6682 | D:5      | Got a brightly glowing war axe
  6766 | D:6      | Reached skill level 4 in Conjurations
  6896 | D:6      | Reached XP level 9. HP: 57/57 MP: 12/19
  7337 | D:6      | Found a basalt altar of Yredelemnul.
  7494 | D:6      | Found a staircase to the Ecumenical Temple.
  7513 | Temple   | Entered the Ecumenical Temple
  7536 | Temple   | Became a worshipper of Uskayaw the Reveler
  7839 | D:6      | Found a glowing golden altar of the Shining One.
  7839 | D:6      | Found a hazy altar of Hepliaklqana.
  7857 | D:7      | Reached * piety under Uskayaw
  7858 | D:7      | Reached ** piety under Uskayaw
  7923 | D:7      | Reached skill level 5 in Conjurations
  7945 | D:7      | Reached *** piety under Uskayaw
  7949 | D:7      | Reached **** piety under Uskayaw
  8279 | D:7      | Noticed a four-headed hydra
  8286 | D:7      | Killed a four-headed hydra
  8286 | D:7      | Reached skill level 1 in Shields
  8286 | D:7      | Reached skill level 1 in Invocations
  8286 | D:7      | Reached XP level 10. HP: 67/67 MP: 10/21
  8608 | D:7      | Noticed a green ugly thing
  8900 | D:7      | Killed a red ugly thing
  9959 | D:7      | Identified the cursed +1 war axe of Purpose {vamp, Str+4
                  | Dex+3} (You found it on level 5 of the Dungeon)
 10472 | D:8      | Found a shattered altar of Ashenzari.
 10496 | D:8      | Noticed a two-headed ogre
 10532 | D:8      | Killed a two-headed ogre
 10746 | D:8      | Found a shimmering blue altar of Sif Muna.
 10794 | D:8      | Found a sacrificial altar of Ru.
 10834 | D:8      | Noticed Grum
 10845 | D:8      | Killed Grum
 11253 | D:8      | Reached ***** piety under Uskayaw
 11272 | D:8      | Reached skill level 5 in Dodging
 11272 | D:8      | Reached skill level 5 in Invocations
 11438 | D:8      | Reached XP level 11. HP: 75/75 MP: 9/22
 11583 | D:8      | Found a staircase to the Lair.
 12216 | Lair:1   | Entered Level 1 of the Lair of Beasts
 13337 | D:9      | Identified a scroll of acquirement
 13338 | D:9      | Identified the +8 war axe of Light {vorpal, rElec rC+ MR+
                  | Str+5} (You acquired it on level 9 of the Dungeon)
 13338 | D:9      | Identified Sif Muna's Tome of Vitriolic Orientation (You
                  | acquired it on level 9 of the Dungeon)
 13533 | D:9      | Found a stormy altar of Qazlal.
 14267 | D:9      | Found an iron altar of Okawaru.
 14354 | D:10     | Entered Level 10 of the Dungeon
 14776 | D:10     | Found a staircase to the Orcish Mines.
 14942 | Lair:1   | Noticed Joseph
 15106 | Lair:1   | Learned a level 4 spell: Summon Lightning Spire
 15319 | Lair:1   | Reached skill level 5 in Fighting
 15476 | Lair:1   | Killed Joseph
 15686 | Lair:1   | Reached XP level 12. HP: 88/88 MP: 1/23
 16088 | Lair:1   | Noticed a catoblepas
 16144 | Lair:1   | Killed a catoblepas
 17035 | Lair:2   | Noticed an eight-headed hydra
 17039 | Lair:2   | Killed an eight-headed hydra
 18221 | Lair:2   | Identified the Reference Book on the Entourage and
                  | Conjuration
 18718 | Lair:3   | Found a staircase to the Snake Pit.
 19073 | Lair:3   | Reached skill level 10 in Spellcasting
 19073 | Lair:3   | Reached skill level 10 in Air Magic
 19768 | Lair:4   | Found a staircase to the Swamp.
 20070 | Lair:4   | Reached ****** piety under Uskayaw
 20346 | Lair:4   | Gained mutation: You are in touch with the powers of death.
                  | [Mummy growth]
 20346 | Lair:4   | Reached XP level 13. HP: 75/98 MP: 4/27
 20896 | Lair:4   | Reached skill level 6 in Conjurations
 20896 | Lair:4   | Reached skill level 1 in Evocations
 23012 | Lair:6   | Entered Level 6 of the Lair of Beasts
 23213 | Lair:6   | Found a viscous altar of Jiyva.
 23213 | Lair:6   | Found a staircase to the Slime Pits.
 23235 | Lair:6   | Found a frozen archway.
 23372 | Lair:6   | Reached skill level 7 in Conjurations
 23561 | IceCv    | Entered an ice cave
 24789 | IceCv    | Noticed a frost giant
 24801 | IceCv    | Killed a frost giant
 24801 | IceCv    | Reached skill level 8 in Conjurations
 25006 | IceCv    | Found the +8 frozen axe "Frostbite" {freezing cloud, *Noise
                  | +Fly rC+}
 25625 | Lair:6   | Noticed Josephine
 25637 | Lair:6   | Killed Josephine
 25639 | Lair:6   | Reached XP level 14. HP: 99/105 MP: 12/28
 26819 | Lair:6   | Reached skill level 9 in Conjurations
 27026 | Lair:6   | Found the +27 Lear's hauberk
 27468 | Lair:6   | Got a twisted hunting sling
 27474 | Lair:6   | Identified the +2 hunting sling of Soloirr {freeze, MR+
                  | Int+3 Dex+2} (You found it on level 6 of the Lair of
                  | Beasts)
 27492 | Lair:6   | Found a runed translucent door.
 28074 | Lair:6   | Reached skill level 10 in Conjurations
 28924 | Orc:1    | Entered Level 1 of the Orcish Mines
 28929 | Orc:1    | You fall into a shaft and drop 1 floor!
 28929 | Orc:2    | Entered Level 2 of the Orcish Mines
 30163 | Orc:2    | Found a staircase to the Elven Halls.
 30167 | Orc:2    | Found Hipsasoch's Weapon Boutique.
 31176 | Orc:1    | Found a runed translucent door.
 31801 | Orc:1    | Found a roughly hewn altar of Beogh.
 32878 | Orc:2    | Found Hoskivue's Food Emporium.
 32878 | Orc:2    | Found Uklevol's Weapon Boutique.
 32880 | Orc:2    | Found Bier's Book Boutique.
 32880 | Orc:2    | Found Zeakhluh's General Store.
 32894 | Orc:2    | Identified the ring of Atheism {MR+ Int+3} (You acquired it
                  | on level 2 of the Orcish Mines)
 32902 | Orc:2    | Learned a level 5 spell: Fireball
 32907 | Orc:2    | Bought an uncursed ring of fire for 325 gold pieces
 33879 | D:11     | Found the +10 tower shield of Ignorance {rN+ Int-4}
 33890 | D:11     | lol
 34140 | D:11     | Reached skill level 1 in Fire Magic
 34143 | D:11     | Reached XP level 15. HP: 110/110 MP: 5/29
 35211 | D:12     | You fall into a shaft and drop 2 floors!
 35708 | D:14     | Reached skill level 1 in Armour
 35961 | D:14     | Found a runed translucent gate.
 35961 | D:14     | Found a runed translucent gate.
 35961 | D:14     | Found a runed translucent gate.
 37105 | D:13     | Found Peocw's Gadget Shop.
 37230 | D:13     | Found a large runed translucent door.
 37230 | D:13     | Found a large runed translucent door.
 37421 | D:13     | Noticed Nessos
 37424 | D:13     | Killed Nessos
 37628 | D:13     | Found a gate to the Vaults.
 38256 | D:13     | Noticed Zedghesyr's ghost (journeyman DrCj)
 38318 | D:13     | Noticed Urug
 38329 | D:13     | Killed Urug
 39370 | D:14     | Found Pooblitt's Antique Armour Boutique.
 39684 | D:14     | Noticed Ringe's ghost (journeyman VSBe)
 39728 | D:14     | Bought a pair of smoking gloves for 285 gold pieces
 39728 | D:14     | Identified the +0 pair of gloves of Light {rN+ Str+4 Int-2
                  | Slay+2} (You bought it in a shop on level 14 of the
                  | Dungeon)
 39729 | D:14     | Bought a bronze scale mail for 270 gold pieces
 39729 | D:14     | Identified the +5 scale mail of Twilight {*Drain rElec
                  | Str+6} (You bought it in a shop on level 14 of the Dungeon)
 39731 | D:14     | Bought a steaming leather armour for 210 gold pieces
 39731 | D:14     | Identified the +1 leather armour "Ylaujim" {rPois Regen+
                  | Dex+2} (You bought it in a shop on level 14 of the Dungeon)
 39989 | D:15     | Entered Level 15 of the Dungeon
 40023 | D:15     | please dont be a mimic
 40165 | D:15     | Found a flickering gateway to a bazaar.
 40196 | Bazaar   | Entered a bazaar
 40211 | Bazaar   | Found Zairch's Antique Armour Emporium.
 40226 | Bazaar   | Found Riwisoxy's Distillery.
 40226 | Bazaar   | Found Raesim's General Store.
 40247 | Bazaar   | Found Maohoig's Gadget Emporium.
 40247 | Bazaar   | Found Fegh's Magic Scroll Shoppe.
 40380 | Bazaar   | Bought a scroll of acquirement for 936 gold pieces
 40380 | Bazaar   | Identified the +1 storm dragon scales "Ituuph" {rElec Int+4
                  | Stlth+} (You acquired it in a bazaar)
 40407 | Bazaar   | Bought a scroll of enchant armour for 135 gold pieces
 40407 | Bazaar   | Bought a scroll of blinking for 135 gold pieces
 40407 | Bazaar   | Bought a scroll of enchant weapon for 135 gold pieces
 40407 | Bazaar   | Bought a scroll of fog for 36 gold pieces
 40407 | Bazaar   | Bought 2 scrolls of summoning for 342 gold pieces
 40407 | Bazaar   | Bought a scroll of immolation for 63 gold pieces
 40441 | Bazaar   | Bought a steaming plate armour for 560 gold pieces
 40441 | Bazaar   | Identified the +8 plate armour "Xaet" {rElec} (You bought
                  | it in a shop in a bazaar)
 40479 | Bazaar   | Bought the +12 short sword of Doubt {protect, rN+ MR++
                  | Dex-3} for 538 gold pieces
 40861 | D:15     | Reached skill level 11 in Conjurations
 41147 | D:15     | Found a staircase to the Depths.
 41830 | D:15     | Found a blossoming altar of Fedhas.
 41852 | D:15     | Reached skill level 5 in Fire Magic
 42507 | D:15     | Found a runed translucent door.
 42507 | D:15     | Found a shimmering altar of Xom.
 42507 | D:15     | Noticed Lymofoloam's ghost (journeyman DDFi)
 42926 | Swamp:1  | Entered Level 1 of the Swamp
 43010 | Swamp:1  | Found a runed translucent gate.
 43010 | Swamp:1  | Found a runed translucent gate.
 43012 | Swamp:1  | Found a runed translucent gate.
 43013 | Swamp:1  | Noticed Pyxoaj's ghost (journeyman GrBe)
 43067 | Swamp:1  | Reached skill level 1 in Summonings
 43604 | Swamp:1  | Reached XP level 16. HP: 117/117 MP: 18/32
 45056 | Swamp:2  | Noticed Jorgrun
 45161 | Swamp:2  | Killed Jorgrun
 46395 | Swamp:2  | Learned a level 6 spell: Starburst
 47126 | Swamp:3  | Noticed Nikola
 48590 | Swamp:3  | Killed Nikola
 50757 | Swamp:4  | Entered Level 4 of the Swamp
 50909 | Swamp:4  | Noticed a thorn hunter
 50911 | Swamp:4  | Noticed a thorn hunter
 51120 | Swamp:4  | Noticed Louise
 51208 | Snake:1  | Entered Level 1 of the Snake Pit
 51823 | Snake:1  | Found Kiaschea's Weapon Emporium.
 52373 | Elf:1    | Entered Level 1 of the Elven Halls
 52566 | Elf:1    | Found a shimmering blue altar of Sif Muna.
 52783 | Elf:1    | Identified the amulet of Yggoowud {RegenMP rElec rPois
                  | Str-5 SInv}
 52802 | Elf:1    | Reached XP level 17. HP: 96/122 MP: 3/35
 52972 | Elf:1    | Got a faintly humming leather armour
 53045 | Elf:1    | Identified the +1 leather armour "Alif Jea" {*Drain rF+++
                  | rC- rN+} (You found it on level 1 of the Elven Halls)
 53165 | Elf:1    | Found Nuriol's Assorted Antiques.
 53197 | Elf:1    | Found Ygosa's Gadget Shop.
 53631 | Elf:1    | Found Hisu's Assorted Antiques.
 53636 | Elf:1    | Bought a copper ring for 140 gold pieces
 53787 | Elf:1    | Reached skill level 15 in Spellcasting
 53874 | Elf:1    | Reached skill level 10 in Fire Magic
 53957 | Elf:1    | Found Wimmew's Book Shop.
 53992 | Elf:1    | Bought a book of Power for 585 gold pieces
 53992 | Elf:1    | Bought a book of Annihilations for 1435 gold pieces
 55300 | Elf:2    | Reached skill level 12 in Conjurations
 55534 | Elf:2    | Got a transparent buckler
 55535 | Elf:2    | Identified the +1 buckler "Vasojuq" {rF+ rC+} (You found it
                  | on level 2 of the Elven Halls)
 55607 | Elf:2    | Found a huge runed translucent gate.
 55607 | Elf:2    | Found a huge runed translucent gate.
 55608 | Elf:2    | Found a huge runed translucent gate.
 55935 | Elf:2    | Found a huge runed translucent gate.
 55935 | Elf:2    | Found a huge runed translucent gate.
 55972 | Elf:3    | Entered Level 3 of the Elven Halls
 57161 | Elf:3    | Identified the +7 quarterstaff of Blood {venom, rElec MR++
                  | Str-3}
 57515 | Elf:3    | Identified the +9 trident "Fas Paul" {elec, rC++ Str+3
                  | Dex-3}
 57532 | Elf:3    | Reached XP level 18. HP: 98/129 MP: 18/37
 57533 | Elf:3    | Identified the cursed +2 long sword of Purpose {vorpal, rF-
                  | Int+6}
 57723 | Elf:3    | Reached skill level 13 in Conjurations
 58529 | Elf:3    | Got an iridescent mace
 58531 | Elf:3    | Got a bloodstained mace
 58536 | Elf:3    | Got a scorched mace
 58541 | Elf:3    | Identified the +4 mace of Qof Dyrph {vorpal, Str+5} (You
                  | found it on level 3 of the Elven Halls)
 58542 | Elf:3    | Identified the +6 mace "Miutiur" {drain, rPois Str+10
                  | Int-2} (You found it on level 3 of the Elven Halls)
 58543 | Elf:3    | Identified the +3 mace "Daesav" {vamp, rElec rPois Str+4
                  | Stlth-} (You found it on level 3 of the Elven Halls)
 58563 | Elf:3    | Identified Sif Muna's Reference Book on Creative Attacks
 58639 | Elf:3    | Learned a level 7 spell: Orb of Destruction
 59481 | Swamp:4  | Killed Louise
 59486 | Swamp:4  | Noticed Mara
 60860 | Swamp:4  | Got a decaying rune of Zot
 61149 | Swamp:4  | Noticed Flugkiller's illusion
 61153 | Swamp:4  | Killed Mara
 61153 | Swamp:4  | Reached skill level 14 in Conjurations
 61892 | Vaults:1 | Entered Level 1 of the Vaults
 62104 | D:14     | Bought an embroidered robe for 111 gold pieces
 62769 | Vaults:1 | Reached XP level 19. HP: 122/134 MP: 15/38
 63221 | Vaults:1 | Got a crude hunting sling
 63222 | Vaults:1 | Identified the +1 hunting sling of Fear {speed, rC+} (You
                  | found it on level 1 of the Vaults)
 63234 | Vaults:1 | Found a huge runed gate.
 63234 | Vaults:1 | Found a huge runed gate.
 63234 | Vaults:1 | Found a huge runed gate.
 63234 | Vaults:1 | Found a huge runed gate.
 63234 | Vaults:1 | Found a huge runed gate.
 63234 | Vaults:1 | Found a huge runed gate.
 63234 | Vaults:1 | Found a huge runed gate.
 63234 | Vaults:1 | Found a huge runed gate.
 63235 | Vaults:1 | Found a huge runed gate.
 63235 | Vaults:1 | Found a huge runed gate.
 63235 | Vaults:1 | Found a huge runed gate.
 63442 | Vaults:1 | Found a huge runed gate.
 63443 | Vaults:1 | Found a huge runed gate.
 63444 | Vaults:1 | Found a huge runed gate.
 63445 | Vaults:1 | Found a huge runed gate.
 63446 | Vaults:1 | Found a huge runed gate.
 63454 | Vaults:1 | Found a huge runed gate.
 63454 | Vaults:1 | Found a huge runed gate.
 63454 | Vaults:1 | Found a huge runed gate.
 63454 | Vaults:1 | Found a huge runed gate.
 63454 | Vaults:1 | Found a huge runed gate.
 63454 | Vaults:1 | Found a huge runed gate.
 63454 | Vaults:1 | Found a huge runed gate.
 63455 | Vaults:1 | Found a huge runed gate.
 63456 | Vaults:1 | Found a huge runed gate.
 63496 | Vaults:1 | Found a huge runed gate.
 63496 | Vaults:1 | Found a huge runed gate.
 63496 | Vaults:1 | Found a huge runed gate.
 63496 | Vaults:1 | Found a huge runed gate.
 63496 | Vaults:1 | Found a huge runed gate.
 63496 | Vaults:1 | Found a huge runed gate.
 63496 | Vaults:1 | Found a huge runed gate.
 63497 | Vaults:1 | Found a huge runed gate.
 63498 | Vaults:1 | Found a huge runed gate.
 63507 | Vaults:1 | Found a huge runed gate.
 63507 | Vaults:1 | Found a huge runed gate.
 64618 | Vaults:2 | Found Qecrurgh's Armour Emporium.
 64766 | Vaults:2 | Reached skill level 15 in Conjurations
 64956 | Vaults:2 | Found a blossoming altar of Fedhas.
 65021 | Vaults:2 | Noticed Margery
 65048 | Vaults:2 | Found a staircase to the Crypt.
 65048 | Vaults:2 | Noticed a bone dragon
 65398 | Vaults:2 | Killed Margery
 65525 | Vaults:2 | Killed a bone dragon
 65856 | Vaults:2 | Noticed Donald
 65859 | Vaults:2 | Killed Donald
 66995 | Vaults:3 | Noticed Mennas
 67235 | Crypt:1  | Entered Level 1 of the Crypt
 67416 | Crypt:1  | Reached XP level 20. HP: 141/141 MP: 16/39
 68053 | Snake:1  | Found a shimmering altar of Xom.
 68090 | Snake:1  | Reached skill level 15 in Fire Magic
 68254 | Snake:2  | Reached skill level 16 in Conjurations
 68287 | Snake:2  | Noticed Vashnia
 68722 | Snake:2  | Killed Vashnia
 70441 | Snake:2  | Noticed Aizul
 70447 | Snake:2  | Killed Aizul
 71766 | Snake:4  | Entered Level 4 of the Snake Pit
 73071 | Snake:4  | Reached skill level 17 in Conjurations
 73643 | Snake:4  | Identified Roxanne's Disquisition on Transmutation
 73643 | Snake:4  | Noticed Roxanne
 73916 | Snake:4  | Got a serpentine rune of Zot
 74059 | Snake:4  | Killed Roxanne
 74518 | Crypt:1  | Found a basalt altar of Yredelemnul.
 74525 | Crypt:1  | Reached XP level 21. HP: 147/147 MP: 27/40
 74672 | Crypt:1  | Learned a level 8 spell: Ignition
 74681 | Crypt:1  | Noticed Sojobo
 74769 | Crypt:1  | Identified the +7 kite shield "Pammaojo" {rElec rPois
                  | Dex-5}
 74799 | Crypt:1  | Killed Sojobo
 75446 | Crypt:1  | Found the +2 cloak of the Thief {+Fog Slay-2 SInv Stlth+}
 77027 | Crypt:2  | Found an ancient bone altar of Kikubaaqudgha.
 77350 | Crypt:3  | Entered Level 3 of the Crypt
 77398 | Crypt:3  | Reached skill level 18 in Conjurations
 79160 | Crypt:3  | Reached XP level 22. HP: 134/153 MP: 35/41
 79266 | Crypt:3  | Found a staircase to the Tomb.
 79463 | Crypt:3  | Identified Bocw's Papyrus of Evil
 79467 | Crypt:3  | Identified the Incunabulum of the Entourage
 79479 | Crypt:3  | Got a glittering ivory ring
 79479 | Crypt:3  | Got a bound iron ring
 79482 | Crypt:3  | Identified the ring "Otyarusu" {rN+ Stlth+} (You found it
                  | on level 3 of the Crypt)
 79483 | Crypt:3  | Identified the ring "Leif" {rElec rPois rN+ Str+5} (You
                  | found it on level 3 of the Crypt)
 79783 | Tomb:1   | Entered Level 1 of the Tomb of the Ancients
 80901 | Tomb:1   | Identified the +1 robe of Gehenna {rF+ Dex+4}
 80966 | Tomb:1   | Noticed a greater mummy
 80972 | Tomb:1   | Killed a greater mummy
 80991 | Tomb:1   | Reached skill level 19 in Conjurations
 82418 | Depths:1 | Entered Level 1 of the Depths
 83285 | Depths:1 | Reached XP level 23. HP: 159/159 MP: 1/42
 83776 | Depths:1 | Found the +12 Vampire's Tooth {vamp}
 84691 | Depths:1 | Found a gateway to Hell.
 84692 | Depths:1 | You fall into a shaft and drop 1 floor!
 85423 | Depths:1 | Got a jewelled mace
 85427 | Depths:1 | Identified the +8 mace of Chaos {flame, Str+4} (You found
                  | it on level 1 of the Depths)
 86128 | Depths:2 | Found a one-way gate to the infinite horrors of the Abyss.
 86434 | Depths:3 | Found a one-way gate leading to the halls of Pandemonium.
 86522 | Depths:2 | Noticed a caustic shrike
 86536 | Depths:3 | Killed a caustic shrike
 87373 | Depths:2 | Found the macabre finger necklace {rN+}
 87377 | Depths:2 | Got a bloodstained great sword
 87395 | Depths:2 | Learned a level 9 spell: Fire Storm
 88168 | Depths:3 | Identified the cursed +1 robe "Luvvil" {Str+3}
 88881 | Depths:3 | Reached skill level 20 in Conjurations
 89581 | Depths:3 | Noticed Bai Suzhen
 89586 | Depths:3 | Killed Bai Suzhen
 89586 | Depths:3 | Reached XP level 24. HP: 165/165 MP: 4/45
 91872 | Depths:4 | Found a gateway to a ziggurat.
 92738 | Depths:5 | Entered Level 5 of the Depths
 94088 | Depths:5 | Found a gate to the Realm of Zot.
 95219 | Slime:1  | Entered Level 1 of the Pits of Slime
 95762 | Slime:1  | Reached skill level 21 in Conjurations
 96322 | Slime:3  | Reached XP level 25. HP: 160/171 MP: 9/46
 96681 | Slime:5  | Entered Level 5 of the Pits of Slime
 96954 | Slime:5  | Noticed the Royal Jelly
 96957 | Slime:5  | Killed the Royal Jelly
 97156 | Slime:5  | Found the +7 mace of Variability {chain chaos}
 97489 | Slime:5  | Identified the +4 great sword of the Iron City of Dis
                  | {protect, rC- rN+ SInv} (You found it on level 2 of the
                  | Depths)
 97514 | Slime:5  | Got a crystal trident
 97517 | Slime:5  | Identified the +6 trident of Anod {holy, Stlth+} (You found
                  | it on level 5 of the Pits of Slime)
 97537 | Slime:5  | Got a faintly glowing scale mail
 97538 | Slime:5  | Identified the cursed +1 scale mail "Kuquacvo" {+Blink rF-
                  | rN+} (You found it on level 5 of the Pits of Slime)
 97546 | Slime:5  | Identified the Catalogue of the Supportive Traveller
 97575 | Slime:5  | Got a slimy rune of Zot
 97582 | Slime:5  | Got an ancient hunting sling
 97583 | Slime:5  | Identified the +6 hunting sling of Cowardice {vorpal, MR+}
                  | (You found it on level 5 of the Pits of Slime)
 98006 | Zot:1    | Entered Level 1 of the Realm of Zot
 98764 | Zot:1    | Learned a level 6 spell: Iron Shot
 99532 | Zot:3    | Got a bone halberd
 99533 | Zot:3    | Identified the +9 halberd "Hoget" {vorpal, MR+ SInv Stlth-}
                  | (You found it on level 3 of the Realm of Zot)
102814 | Zot:5    | Entered Level 5 of the Realm of Zot
103053 | Zot:5    | Noticed a Killer Klown
103053 | Zot:5    | Noticed an orb of fire
103062 | Zot:5    | Learned a level 5 spell: Irradiate
103064 | Zot:5    | Learned a level 1 spell: Summon Butterflies
103065 | Zot:5    | Noticed an orb of fire
103065 | Zot:5    | Noticed a Killer Klown
103065 | Zot:5    | Noticed a Killer Klown
103065 | Zot:5    | Noticed a Killer Klown
103065 | Zot:5    | Noticed a Killer Klown
103068 | Zot:5    | Reached skill level 22 in Conjurations
103071 | Zot:5    | Gained mutation: You are strongly in touch with the powers
                  | of death. [Mummy growth]
103071 | Zot:5    | Reached XP level 26. HP: 43/177 MP: 10/47
104175 | Zot:5    | Noticed an ancient lich
104178 | Zot:5    | Killed an orb of fire
104664 | Zot:5    | Killed an ancient lich
104664 | Zot:5    | Killed an orb of fire
105429 | Zot:5    | Noticed an ancient lich
105455 | Zot:5    | Killed an ancient lich
105898 | Zot:5    | Noticed an ancient lich
105908 | Zot:5    | Killed an ancient lich
106902 | Zot:5    | Got the Orb of Zot
107282 | Depths:4 | Noticed Iredwah the pandemonium lord
107374 | D:15     | Noticed Yletrou the pandemonium lord
107383 | D:15     | Killed Yletrou the pandemonium lord
107383 | D:15     | Reached XP level 27. HP: 146/183 MP: 13/48
107451 | D:12     | Noticed Negif the pandemonium lord
107453 | D:12     | Killed Negif the pandemonium lord
107453 | D:12     | Reached skill level 23 in Conjurations
107826 | D:4      | Noticed Okkuwot the pandemonium lord
107830 | D:4      | Killed Okkuwot the pandemonium lord
107892 | D:4      | Noticed Qudiohes the pandemonium lord
107972 | D:1      | Noticed Natasha
107989 | D:1      | Killed Natasha
107990 | D:1      | gg
107991 | D:$      | Escaped with the Orb!

Levels and vault maps discovered:
D:1:      dpeg_arrival_tiny_a, layout_rooms, minivault_5,
          chequers_serial_rivers_micro_c, solitary_fountain, grunt_decor_cap,
          chequers_avenue, hangedman_decor_growths, corexii_corridor_pit,
          grunt_decor_arrowhead
D:2:      layout_basic, nicolae_overflow_crystal_walls,
          overflow_temple_1_default, first_ration, uniq_natasha, uniq_jessica
D:3:      layout_basic, dk_noncrumbling_2, uniq_terence
D:4:      wad_river_or_something, layout_basic, nicolae_ashenzari_panopticon,
          enter_ossuary_3, serial_park_tiny_2, uniq_duvessa, uniq_eustachio
D:5:      layout_basic
D:6:      layout_basic, old_standard_altar, gammafunk_temple_overflow_statue,
          minmay_temple_entry_statues_fountains
D:7:      minmay_the_grid_four_pointed_star
          [minmay_the_grid_triangle_9x9_skeleton,
          minmay_the_grid_triangle_9x9_negative_grid,
          minmay_the_grid_triangle_9x9_limited_checkers,
          minmay_the_grid_triangle_9x9_corruption,
          minmay_the_grid_prize_inner_circle], layout_rooms, grunt_decor_clamped
D:8:      layout_loops_corners, led_sif_pool, minmay_lair_entry_grove,
          basic_altar, grunt_pizzeria, nicolae_ru_awakened_eye, uniq_grum
D:9:      layout_roguey, old_standard_altar, lemuel_round_altar
D:10:     layout_rooms, orc_0_dummy
D:11:     layout_long_grid
D:12:     minmay_diamond_stairs, layout_cross
D:13:     layout_roguey, david_vaults_1, ebering_ghost_disaster_area,
          serial_shops, nicolae_shop_behind_doors, minmay_fountain_box,
          uniq_nessos, uniq_urug
D:14:     layout_irregular_city, serial_shops, nicolae_shop_crystal,
          gammafunk_ghost_necromancy, minivault_27, nicolae_underground_beach
D:15:     gammafunk_depths_entry_grave, layout_long_grid, ebering_ghost_xom,
          serial_shops, bzr_in_the_mist, solitary_fountain, basic_altar,
          roderic_lattice_a, worms_lemuel
Temple:   nicolae_temple_god_jail
Lair:1:   kb_forest_paths, layout_chaotic_city, serial_bayou_ford_a, uniq_joseph
Lair:2:   layout_chaotic_city, minmay_lair_oklob_chamber
Lair:3:   layout_roguey, guppyfry_snake_entry_island, serial_bayou_shore_a,
          grunt_megastairs_5
Lair:4:   layout_layer_cave, skrybe_swamp_entry_bodies, st_stairs_13
Lair:5:   lemuel_slime, layout_cave_shapes, lemuel_fruit_tree
Lair:6:   hangedman_lair_in_review, layout_cave_pods, wormcave, slime_altar_1,
          portal_ice_cave_entry_pillars_2, chequers_serial_rivers_micro_c,
          uniq_josephine
Swamp:1:  layout_falls_marsh, gammafunk_ghost_hydra_chop,
          evilmike_swamp_ruin_rubble_2, infiniplex_staircase_pool
Swamp:2:  layout_falls_marsh, nicolae_swamp_triple_paths, swamp_pool3,
          uniq_jorgrun
Swamp:3:  cheibrodos_swamp_mausoleum, layout_basic_swamp, hangedman_swamp_pad,
          uniq_nikola
Swamp:4:  swamp, layout_basic_swamp, infiniplex_staircase_pool_2, uniq_louise,
          uniq_mara
Snake:1:  skrybe_snakes_to_sticks, layout_grid_shapes, serial_shops, shop
Snake:2:  layout_chambers, uniq_vashnia, uniq_aizul
Snake:3:  layout_basic
Snake:4:  snake_pit, layout_misc_corridors, grunt_megastairs_2, uniq_roxanne
Slime:1:  layout_caves
Slime:2:  layout_caves
Slime:3:  layout_caves
Slime:4:  layout_caves
Slime:5
Orc:1:    layout_diamond_mine, lightli_church_of_beogh
Orc:2:    grunt_orc_tribal_feast, layout_diamond_mine, serial_shops, shop
Elf:1:    minmay_elf_arrival_plus, layout_loops_corners, serial_shops,
          nicolae_shop_waterfront, shop, nicolae_shop_stone, shop,
          hangedman_elven_crosses_minicolossus, hangedman_summoners_spam
Elf:2:    layout_rooms
Elf:3:    minmay_elf_hall_statues, layout_loops_ring
Vaults:1: nicolae_vaults_ninety_degrees, grunt_vaults_hallway_short,
          ontoclasm_vaults_idyll, nicolae_vaults_what_the_h,
          nicolae_vaults_little_squares_6, vaults_door_vault,
          layout_vaults_omnigrid
Vaults:2: minmay_crypt_entry_nasty_monster, nicolae_vaults_little_squares_6,
          vaults_room_large_hall, vaults_room_hallway, v_misc_3,
          vaults_standard_mumra_x, nicolae_vaults_diagonal_hallway_6, v_misc_25,
          grunt_vaults_trifunnel, vaults_room_boxed,
          nicolae_vaults_big_angled_halls, vaults_room_ringed_pool,
          nicolae_vaults_network_square, vaults_room_pools,
          hangedman_vaults_slice, layout_vaults_maze, serial_shops, shop,
          basic_altar, uniq_margery, uniq_donald
Vaults:3: hangedman_vaults_maws, vaults_room_guarded_vault,
          nicolae_vaults_disjoint_gnomons, hangedman_vaults_nails, v_pattern_1,
          hangedman_vaults_capsules, hangedman_vaults_stitches,
          nicolae_vaults_ring_of_whatevers, nicolae_vaults_specimen_jars,
          v_misc_15, layout_vaults_ring, mu_enter_wizlab_6, uniq_mennas
Crypt:1:  layout_chaotic_city, basic_altar, grunt_crypt_arrival_webbed,
          uniq_sojobo
Crypt:2:  layout_chaotic_city, grunt_ministairs_9, minivault_26,
          weyrava_vampire_temple
Crypt:3:  david_glass_crypt, layout_basic, tomb_entry_pyramid_bobbens,
          grunt_ministairs_8, wad_floor_pattern_1
Tomb:1
Depths:1: layout_basic, lightli_too_deep, minmay_guarded_unrand_vampires_tooth,
          infiniplex_staircase_pool_lava, serial_bayou_shore_b,
          roderic_lattice_octagonal_star, firewood_loft, serial_bayou_shore_b
Depths:2: minmay_isolated_rectangles_in_corner, layout_cave_pools,
          hangedman_coc_ice_floe, chequers_jeans, abyss_entry_crystal
Depths:3: grunt_runaround [grunt_runaround_doors_1, grunt_runaround_doors_2,
          grunt_runaround_doors_3, grunt_runaround_doors_4,
          grunt_runaround_loot], pan_entry, hell_entry, abyss_entry,
          uniq_bai_suzhen
Depths:4: constructs_gauntlet_mu_hangedman, layout_basic, enter_ziggurat_a,
          hell_entry, chequers_serial_rivers_marsh,
          abyss_entry_small_statue_room
Depths:5: grunt_crosshair, layout_long_grid, pf_hell_entry_tar_river,
          chequers_serial_rivers_micro_b, pan_entry, kennysheep_random_hallway
Zot:1:    layout_cellular_growth
Zot:2:    layout_cathedral_of_symmetry
Zot:3:    layout_misc_corridors, hangedman_player_shredder
Zot:4:    layout_concentric_octagons, st_stairs_14
Zot:5:    layout_basic, st_stairs_13

Skill      XL: |  1  2  3  4  5  6  7  8  9 10 11 12 13 14 15 16 17 18 19 20 21 22 23 24 25 26 27 |
---------------+----------------------------------------------------------------------------------+-----
Spellcasting   | 3 4 5 7 10 12 14 15 18 19 20 21 | 21.7
Air Magic      | 3 4 5 6 7 8 10 11 12 | 12.5
Conjurations   | 2 4 5 8 10 11 12 14 15 17 18 19 20 21 22 23 | 23.1
Fighting       | 2 3 6 8 |  8.0
Dodging        | 2 5 9 |  9.0
Shields        | 1 4 |  4.0
Invocations    | 1 5 9 |  9.0
Evocations     | 3 4 |  4.0
Fire Magic     | 1 5 9 11 13 14 16 17 18 19 20 21 22 | 22.6
Armour         | 3 |  3.4
Summonings     | 1 4 |  4.0
Stealth        | |  1.5

Action                   |  1- 3 |  4- 6 |  7- 9 | 10-12 | 13-15 | 16-18 | 19-21 | 22-24 | 25-27 || total
-------------------------+-------+-------+-------+-------+-------+-------+-------+-------+-------++-------
Melee: Unarmed           |     4 |       |       |       |       |       |       |       |       ||     4
       Dagger            |     4 |    43 |     4 |       |       |       |       |       |       ||    51
       Whip              |       |    25 |     1 |       |       |       |       |       |       ||    26
       Staff             |       |       |     4 |    18 |    25 |    14 |     4 |     2 |    19 ||    86
       War axe           |       |       |       |    23 |   274 |    13 |       |       |       ||   310
       Short sword       |       |       |       |       |    20 |    38 |       |       |       ||    58
 Cast: Shock             |    64 |   188 |    59 |    90 |   101 |     1 |     3 |     2 |       ||   508
       Static Discharge  |       |     2 |       |    12 |    28 |     5 |       |       |       ||    47
       Airstrike         |       |    16 |    89 |   369 |   686 |   336 |    76 |    36 |    19 ||  1627
       Swiftness         |       |       |       |     2 |     1 |       |     1 |       |     2 ||     6
       Summon Lightning  |       |       |       |    11 |    15 |     1 |       |       |       ||    27
       Lightning Bolt    |       |       |       |    11 |    90 |     3 |     8 |    44 |       ||   156
       Fireball          |       |       |       |       |    12 |   343 |   496 |   315 |    52 ||  1218
       Starburst         |       |       |       |       |       |    24 |   120 |    38 |    43 ||   225
       Orb of Destructio |       |       |       |       |       |    15 |    59 |   145 |    25 ||   244
       Ignition          |       |       |       |       |       |       |    23 |    78 |    27 ||   128
       Fire Storm        |       |       |       |       |       |       |       |     9 |    74 ||    83
       Iron Shot         |       |       |       |       |       |       |       |       |    70 ||    70
       Irradiate         |       |       |       |       |       |       |       |       |    12 ||    12
       Summon Butterflie |       |       |       |       |       |       |       |       |     3 ||     3
Evoke: Wand              |       |       |       |     2 |    11 |    19 |     2 |     9 |     7 ||    50
       Phial of floods   |       |       |       |       |     1 |     1 |       |       |       ||     2
       Box of beasts     |       |       |       |       |       |       |       |     2 |       ||     2
  Use: Scroll            |       |     8 |     5 |    16 |    14 |    15 |     6 |    14 |    26 ||   104
 Stab: Paralysed         |       |       |       |     1 |    26 |    14 |       |       |       ||    41
Armor: Robe              |     2 |    52 |     7 |    15 |    29 |    32 |    46 |    38 |    41 ||   262
       Chain mail        |       |       |       |       |   242 |       |       |       |       ||   242
       Scale mail        |       |       |       |       |   119 |    75 |       |       |       ||   194
Dodge: Dodged            |    11 |   102 |    35 |   139 |   379 |   222 |   142 |   143 |    94 ||  1267
Block: Buckler           |       |       |       |    36 |   145 |    76 |    51 |    33 |    33 ||   374

Table legend:
 A = Non-vault XP
 B = Vault XP
 C = Vault XP percentage of total XP
 D = Non-vault monster count
 E = Vault monster count
 F = Vault count percentage of total count
                 A         B        C        D         E       F
            +---------+---------+-------+---------+---------+-------
      Total |  738331 |  747474 |  50.3 |    1588 |     827 |  34.2
            +---------+---------+-------+---------+---------+-------
        D:1 |      71 |      35 |  33.0 |      24 |       1 |   4.0
        D:2 |      82 |      73 |  47.1 |      24 |       2 |   7.7
        D:3 |     171 |       0 |   0.0 |      37 |       0 |   0.0
        D:4 |     262 |     678 |  72.1 |      11 |      11 |  50.0
        D:5 |     729 |       0 |   0.0 |      15 |       0 |   0.0
        D:6 |     891 |       0 |   0.0 |      11 |       0 |   0.0
        D:7 |    2198 |    1773 |  44.6 |      27 |      15 |  35.7
        D:8 |    2587 |    2751 |  51.5 |      36 |      18 |  33.3
        D:9 |    3153 |       0 |   0.0 |      47 |       0 |   0.0
       D:10 |     427 |       0 |   0.0 |       8 |       0 |   0.0
       D:11 |    5806 |       0 |   0.0 |      57 |       0 |   0.0
       D:12 |    2590 |    1965 |  43.1 |      19 |       4 |  17.4
       D:13 |    8378 |    3442 |  29.1 |      41 |       5 |  10.9
       D:14 |   12456 |     858 |   6.4 |      54 |       4 |   6.9
       D:15 |    9695 |    5803 |  37.4 |      29 |      12 |  29.3
     Lair:1 |    5604 |    3902 |  41.0 |      22 |      14 |  38.9
     Lair:2 |    2643 |    2172 |  45.1 |      10 |       6 |  37.5
     Lair:3 |    5375 |     404 |   7.0 |      19 |       3 |  13.6
     Lair:4 |    6699 |     670 |   9.1 |      32 |       3 |   8.6
     Lair:5 |    2937 |     718 |  19.6 |      16 |      19 |  54.3
     Lair:6 |   11076 |   18248 |  62.2 |      31 |      43 |  58.1
    Swamp:1 |   12570 |       0 |   0.0 |      29 |       0 |   0.0
    Swamp:2 |    9811 |    3376 |  25.6 |      28 |       3 |   9.7
    Swamp:3 |    8839 |   17067 |  65.9 |      31 |      39 |  55.7
    Swamp:4 |   19303 |   29474 |  60.4 |      40 |      31 |  43.7
    Snake:1 |   11045 |       0 |   0.0 |      21 |       0 |   0.0
    Snake:2 |   19392 |   10415 |  34.9 |      40 |       6 |  13.0
    Snake:3 |   17132 |       0 |   0.0 |      31 |       0 |   0.0
    Snake:4 |   19881 |   32868 |  62.3 |      34 |      48 |  58.5
    Slime:1 |   27636 |       0 |   0.0 |      64 |       0 |   0.0
    Slime:2 |    2050 |       0 |   0.0 |       8 |       0 |   0.0
    Slime:3 |   10999 |       0 |   0.0 |      19 |       0 |   0.0
    Slime:4 |    4295 |     265 |   5.8 |       4 |       1 |  20.0
    Slime:5 |   12903 |   26422 |  67.2 |      24 |      10 |  29.4
      Orc:1 |    5111 |     789 |  13.4 |      37 |      12 |  24.5
      Orc:2 |    2248 |    7217 |  76.2 |      30 |      30 |  50.0
      Elf:1 |   27213 |   19602 |  41.9 |      48 |      31 |  39.2
      Elf:2 |    9367 |    2872 |  23.5 |      13 |       3 |  18.8
      Elf:3 |    7737 |   38802 |  83.4 |      16 |      25 |  61.0
   Vaults:1 |   34499 |    5517 |  13.8 |      54 |      10 |  15.6
   Vaults:2 |   25733 |   33662 |  56.7 |      45 |      45 |  50.0
   Vaults:3 |   10128 |       0 |   0.0 |      11 |       0 |   0.0
    Crypt:1 |   27193 |   10295 |  27.5 |      37 |       3 |   7.5
    Crypt:2 |   30527 |   11141 |  26.7 |      47 |       9 |  16.1
    Crypt:3 |   29725 |   33839 |  53.2 |      47 |      32 |  40.5
     Tomb:1 |   27215 |   49146 |  64.4 |      43 |      57 |  57.0
   Depths:1 |   70473 |   13234 |  15.8 |      80 |      11 |  12.1
   Depths:2 |   21185 |   19291 |  47.7 |      22 |      18 |  45.0
   Depths:3 |    4365 |   99370 |  95.8 |       5 |      95 |  95.0
   Depths:4 |   24742 |    2684 |   9.8 |      25 |       7 |  21.9
   Depths:5 |   14009 |   39445 |  73.8 |      15 |      28 |  65.1
      Zot:1 |    4550 |       0 |   0.0 |       1 |       0 |   0.0
      Zot:2 |   10273 |    5026 |  32.9 |       6 |       1 |  14.3
      Zot:3 |   12765 |   22497 |  63.8 |      10 |      12 |  54.5
      Zot:4 |   39476 |    4197 |   9.6 |      22 |       2 |   8.3
      Zot:5 |   40111 |  156172 |  79.6 |      31 |      42 |  57.5
    Ossuary |       0 |     521 | 100.0 |       0 |      21 | 100.0
      IceCv |       0 |    8776 | 100.0 |       0 |      35 | 100.0
            +---------+---------+-------+---------+---------+-------
